 Dungeon Crawl Stone Soup version 0.28-a0-1594-ga885d4b3d6 (webtiles) character file.

Game seed: 1864263985120797997

166 jlumianski the Skirmisher (level 5, -1/47 HPs)
             Began as a Hill Orc Fighter on Jan 21, 2022.
             Was an Initiate of Beogh.
             Slain by an ogre (7 damage)
             ... on level 3 of the Dungeon.
             The game lasted 00:09:24 (2819 turns).

jlumianski the Skirmisher (Hill Orc Fighter)        Turns: 2819, Time: 00:09:25

Health: -1/47      AC:  8    Str: 21    XL:     5   Next: 47%
Magic:  5/5        EV:  9    Int:  8    God:    Beogh [......]
Gold:   88         SH:  4    Dex: 10    Spells: 4/4 levels left

rFire   . . .      SeeInvis .   a - +0 war axe
rCold   . . .      Faith    .   c - +0 buckler
rNeg    . . .      Spirit   .   b - +0 scale mail
rPois   .          Reflect  .   (no helmet)
rElec   .          Harm     .   v - +0 cloak
rCorr   .          Rampage  .   (no gloves)
Will    .....                   (no boots)
Stlth   ..........              (no amulet)
HPRegen 0.15/turn               (no ring)
MPRegen 0.09/turn               (no ring)

@: mighty
A: no striking features
a: Renounce Religion


You were on level 3 of the Dungeon.
You worshipped Beogh.
Beogh was noncommittal.
You visited 1 branch of the dungeon, and saw 5 of its levels.

You collected 151 gold pieces.
You spent 63 gold pieces at shops.

Inventory:

Hand Weapons
 a - a +0 war axe (weapon)
 g - a +0 dagger
 j - a +2 dagger of electrocution
Missiles
 e - a throwing net
 h - 37 stones
 m - 7 boomerangs (quivered)
 p - 22 sling bullets
 s - 22 bolts
Armour
 b - a +0 scale mail (worn)
 c - a +0 buckler (worn)
 f - the +1 leather armour of the Miller {rC++ Str+6 Int-3}
   (You found it on level 3 of the Dungeon)

   Str:       It affects your strength (+6).
   Int:       It affects your intelligence (-3).
   rC:        It greatly protects you from cold.
 v - a +0 cloak (worn)
Magical Staves
 l - a staff of earth
Scrolls
 i - a scroll of amnesia
 n - a scroll of enchant weapon {unknown}
 t - a scroll of fear {unknown}
 u - a scroll of holy word {unknown}
Potions
 k - a potion of brilliance
 o - a potion of degeneration {unknown}
 q - a potion of lignification {unknown}
 r - a potion of resistance {unknown}


   Skills:
 * Level 4.7 Fighting
 + Level 4.6 Axes
 + Level 0.7 Throwing
 + Level 3.9 Armour
 + Level 0.6 Dodging
 + Level 4.0 Shields


You had 4 spell levels left.
You didn't know any spells.
Your spell library was empty.

Dungeon Overview and Level Annotations

Branches:
Dungeon (5/15)
 Temple: D:4-7

Altars:
Cheibriados
Ru
Uskayaw

Shops:
D:3 [

Annotations:
D:3 2 transporters, riojii's ghost, weakling OpSu


Message History

The adder bites you but does no damage. The adder barely misses you.
You hit the adder.
You kill the adder!
Beogh accepts your kill.
Found a scroll labelled INEIWI HORGH.
You see here an adder corpse.
A gnoll comes into view. It is wielding a +0 halberd.
The gnoll shouts!
You hear a shout! x2
A gnoll comes into view. It is wielding a +0 club.
The gnoll hits you from afar with a +0 halberd.
A worm comes into view.
A gnoll comes into view. It is wielding a +0 club.
The gnoll closely misses you. The gnoll closely misses you.
The gnoll hits you from afar with a +0 halberd.
You see here an adder corpse.
The ogre shouts!
There is a stone staircase leading up here.
The ogre barely misses you.
You climb upwards.
Level annotation: 2 transporters, riojii's ghost, weakling OpSu
There is a stone staircase leading down here.
Okay, then.
Unknown command.
You feel very mighty all of a sudden.
You slash the ogre!
The ogre is moderately wounded.
The ogre barely misses you.
You slash the ogre!
The ogre is heavily wounded.
The ogre hits you with a +0 giant spiked club!!
Ouch! That really hurt!
You barely miss the ogre.
The ogre is heavily wounded.
The ogre hits you with a +0 giant spiked club!
* * * LOW HITPOINT WARNING * * *
You slash the ogre!
The ogre is almost dead.
The ogre hits you with a +0 giant spiked club!
You die...

#..###.P⌠PP.#
#..## #
#..#...⌠.P.P#
#..####
#..#..P..P.≈#
#...##.
#..###.PPP..#
##......
#...........#
#.<##...
#.........P.#
#.#####.
#####.#.##### #.#
## #...# ##.#
###@## ##..# #O.#
#..##
##.######.##
#.##......## #
#.#........## ###
#........>..###..
#...........#....
#................
#.............##.


You could see an ogre.

Vanquished Creatures
  An iguana (D:4)
  2 gnolls (D:3)
  3 adders
  2 worms (D:3)
  4 dart slugs
  An orc (D:3)
  5 endoplasms
  4 giant cockroaches
  10 goblins
  9 hobgoblins
  10 jackals
  5 kobolds
  5 quokkas
  2 ball pythons
  4 bats
  2 frilled lizards
  3 rats (D:2)
72 creatures vanquished.

Vanquished Creatures (others)
  A gnoll (D:3)
  A fungus (D:3)
  A plant (D:3)
3 creatures vanquished.

Grand Total: 75 creatures vanquished

Notes
Turn   | Place    | Note
-------+----------+-------------------------------------------
     0 | D:1      | jlumianski the Hill Orc Fighter began the quest for the
                  | Orb.
     0 | D:1      | Reached XP level 1. HP: 19/19 MP: 1/1
   160 | D:1      | Reached XP level 2. HP: 25/27 MP: 2/2
   437 | D:1      | Reached XP level 3. HP: 29/33 MP: 3/3
  1278 | D:2      | Reached XP level 4. HP: 40/40 MP: 4/4
  1752 | D:3      | Found a transporter.
  1753 | D:3      | Noticed riojii's ghost (weakling OpSu)
  1767 | D:3      | Found a transporter.
  1783 | D:3      | Found a sacrificial altar of Ru.
  1801 | D:3      | Identified the +1 leather armour of the Miller {rC++ Str+6
                  | Int-3}
  1812 | D:3      | Became a worshipper of Beogh the Brigand
  2000 | D:3      | Found a snail-covered altar of Cheibriados.
  2143 | D:3      | Found a hide-covered altar of Uskayaw.
  2334 | D:3      | Found Rimoiv's Armour Shop.
  2354 | D:3      | Bought a +0 cloak for 63 gold pieces
  2453 | D:3      | Found a faded altar of an unknown god.
  2650 | D:4      | Reached XP level 5. HP: 47/47 MP: 5/5
  2653 | D:5      | Entered Level 5 of the Dungeon
  2682 | D:4      | Noticed an ogre
  2819 | D:3      | Slain by an ogre

Illustrated notes

Levels and vault maps discovered:
D:1:      mushboom_english_gardens, layout_basic
D:2:      layout_loops_ring
D:3:      layout_rooms, mainiacjoe_overflow_brackets, kennysheep_slug_shrine,
          nicolae_ru_awakened_eye, shapermc_ecumenical_altar_mp_ritualfount,
          serial_shops, nicolae_diamond_shop, gammafunk_ghost_stat_death,
          minmay_misc_feat_iff, palyth_stone_intersect
D:4:      layout_loops_cross
D:5:      layout_basic, minmay_temple_entry_junction_2

Skill      XL: |  1  2  3  4 |
---------------+-------------+-----
Fighting       | 4 |  4.7
Axes           | 3 4 |  4.6
Shields        | 4 |  4.0
Throwing       | |  0.7
Armour         | |  3.9
Dodging        | |  0.6

Action                   |  1- 3 |  4- 6 || total
-------------------------+-------+-------++-------
Melee: War axe           |   107 |   108 ||   215
Throw: Stone             |    23 |       ||    23
       Boomerang         |     4 |    19 ||    23
Invok: Convert to Beogh  |       |     1 ||     1
  Use: Scroll            |     1 |     1 ||     2
       Potion            |       |     1 ||     1
Armor: Scale mail        |    53 |    52 ||   105
Dodge: Dodged            |    55 |    59 ||   114
Block: Buckler           |    26 |    34 ||    60

Table legend: (Time is in decaauts)
 A = Elapsed time spent in this place.
 B = Non-inter-level travel time spent in this place.
 C = Inter-level travel time spent in this place.
 D = Time resting spent in this place.
 E = Time spent auto-exploring this place.
 F = Levels seen in this place.
 G = Mean time per level.
                   A        B        C        D        E       F      G
               +--------+--------+--------+--------+--------+-----+--------+
         Total |   2911 |   2844 |     67 |    179 |   1723 |   5 |  582.2 |
       Dungeon |   2911 |   2844 |     67 |    179 |   1723 |   5 |  582.2 |
               +--------+--------+--------+--------+--------+-----+--------+

Top non-repeatable levels by time:
     D:3: 1105 daAuts
     D:2: 802 daAuts
     D:1: 797 daAuts
     D:4: 159 daAuts
     D:5: 45 daAuts
